 Dungeon Crawl Stone Soup version 0.30-a0-748-ge6a52f7cba (webtiles) character file.

Game seed: 4885239004202850063

1071 Leeroy the Slasher (level 8, 0/37 (38) HPs)
             Began as a Vine Stalker Warper on Feb 8, 2023.
             Was a Believer of Uskayaw.
             Slain by a wight
             ... wielding a +4 dagger of freezing
              (3 damage)
             ... on level 6 of the Dungeon.
             The game lasted 00:07:16 (5114 turns).

Leeroy the Slasher (Vine Stalker Warper)            Turns: 5114, Time: 00:07:16

HP:   0/37 (38)     AC: 12    Str: 14    XL:     8   Next: 28%
MP:   0/12          EV:  4    Int: 13    God:    Uskayaw [**....]
Gold: 49            SH:  0    Dex: 16    Spells: 9/11 levels left

rFire   . . .      SeeInvis .    a - +0 falchion
rCold   . . .      Faith    .    (no shield)
rNeg    . . .      Spirit   +    p - +0 plate armour
rPois   .          Reflect  .    (no helmet)
rElec   .          Harm     .    G - +0 cloak
rCorr   +          Rampage  .    (no gloves)
Will    +....                    (no boots) Stlth
                                 (no amulet)
HPRegen 1.06/turn                t - ring of resist corrosion
MPRegen 0.13/turn                (no ring)

@: lightly drained
A: fangs 3, regeneration 1, magic shield, antimagic bite, no potion heal 2
a: Renounce Religion, Stomp, Line Pass


You were on level 6 of the Dungeon.
You worshipped Uskayaw.
Uskayaw was noncommittal.
You visited 1 branch of the dungeon, and saw 6 of its levels.

You collected 238 gold pieces.
You spent 189 gold pieces at shops.

Inventory:

Hand Weapons
 a - a +0 falchion (weapon)
 q - a +0 falchion
 u - a +0 rapier
 D - a +4 heavy scimitar
Missiles
 d - 7 boomerangs of dispersal (quivered)
 i - 10 poisoned darts
 n - a throwing net
Armour
 b - a +0 leather armour
 f - a +0 ring mail
 o - a +0 scale mail
 p - a +0 plate armour (worn)
 r - a +1 robe of fire resistance
 v - a +0 leather armour
 A - a scarf of shadows
 G - a +0 cloak (worn)
Jewellery
 t - a ring of resist corrosion (left hand)
Wands
 C - a wand of polymorph (12)
Scrolls
 g - 8 scrolls of identify {unknown}
 j - a scroll of magic mapping {unknown}
 k - 2 scrolls of amnesia {unknown}
 l - a scroll of fog {unknown}
 m - 3 scrolls of teleportation {unknown}
 s - a scroll of enchant armour {unknown}
 y - a scroll of immolation {unknown}
 z - a scroll of blinking
 F - a scroll of enchant weapon {unknown}
Potions
 c - a potion of lignification {unknown}
 e - 2 potions of heal wounds
 h - a potion of flight {unknown}
 w - a potion of degeneration {unknown}
 x - 2 potions of mutation {unknown}
 B - a potion of haste
 E - a potion of berserk rage {unknown}


   Skills:
 - Level 1.7 Fighting
 + Level 7.6 Long Blades
 - Level 0.8 Throwing
 - Level 3.0 Armour
 - Level 3.0 Dodging
 - Level 2.1 Spellcasting
 - Level 3.0 Translocations


You had 9 spell levels left.
You knew the following spells:

 Your Spells              Type           Power      Damage    Failure   Level
a - Blink                 Tloc           18%        N/A       100%        2

Your spell library contained the following spells:

 Spells                   Type           Power      Damage    Failure   Level
 Apportation              Tloc           18%        N/A       100%        1
 Magic Dart               Conj           4%         1d3       100%        1
 Necrotise                Necr           4%         1d4       100%        1
 Summon Small Mammal      Summ           4%         N/A       100%        1
 Ensorcelled Hibernation  Hex/Ice        2%         N/A       100%        2
 Lesser Beckoning         Tloc           18%        N/A       100%        2
 Passwall                 Tmut/Erth      0%         N/A       100%        2
 Searing Ray              Conj           2%         2d4       100%        2
 Swiftness                Air            1%         N/A       100%        3
 Teleport Other           Tloc           9%         N/A       100%        3
 Vhi's Electric Charge    Tloc/Air       10%        N/A       100%        3
 Fulminant Prism          Conj/Hex       0%         3d5       100%        4
 Manifold Assault         Tloc           9%         N/A       100%        4


Dungeon Overview and Level Annotations

Branches:
Dungeon (6/15)
 Temple: D:4-7

Altars:
Ashenzari
Dithmenos
Fedhas
Gozag
Hepliaklqana
Ru
Uskayaw
Vehumet
Wu Jian
Yredelemnul

Shops:
D:3 (


Innate Abilities, Weirdness & Mutations

You have razor-sharp teeth.
Your natural rate of healing is unusually fast.
When hurt, damage is shared between your health and your magic reserves.
Your bite disrupts and absorbs the magic of your enemies.
Potions cannot restore your health.


Message History

The wight is moderately damaged.
The wight hits you with a +3 scimitar!
You barely miss the wight.
The wight is moderately damaged.
The wight hits you with a +3 scimitar.
You barely miss the wight. Your bite misses the wight.
The wight is moderately damaged.
The wight hits you with a +3 scimitar!
You feel drained.
You slash the wight!
The wight is severely damaged.
The wight hits you with a +3 scimitar!
* * * LOW HITPOINT WARNING * * *
You feel drained.
* * * LOW HITPOINT WARNING * * *
You can now pass through a line of other dancers.
You barely miss the wight. You bite the wight.
You destroy the wight!
You hit the wight but do no damage. You bite the wight. You drain its power.
You feel invigorated.
The wight is lightly damaged.
The wight hits you but does no damage.
You hit the wight but do no damage. You bite the wight. You drain its power.
You feel invigorated.
The wight is moderately damaged.
You closely miss the wight. Your bite misses the wight.
The wight is moderately damaged.
The wight hits you with a +4 dagger of freezing!
* * * LOW HITPOINT WARNING * * *
The wight freezes you.
* * * LOW HITPOINT WARNING * * *
You hit the wight but do no damage. Your bite misses the wight.
The wight is moderately damaged.
The wight hits you with a +4 dagger of freezing.
* * * LOW HITPOINT WARNING * * *
The wight freezes you.
* * * LOW HITPOINT WARNING * * *
You hit the wight.
The wight is severely damaged.
The wight hits you with a +4 dagger of freezing.
You die...

###.# #.####.#
#......#
#####..# #..#
#..# . #..##
....#####)<)##
#....@z....##
#.#####.....##
#....z..z....#
~...##..?....##
~ #..#.......
.....)..###
..#.#.#..#
.....)....#
..#.#.#.#..#


You could see 2 wights.

Vanquished Creatures
  Eustachio (D:4)
  A necrophage (D:6)
  2 wights (D:6)
  A howler monkey (D:4)
  2 gnoll boudas
  2 hounds (D:5)
  A jelly (D:5)
  An orc priest (D:5)
  Natasha (thrice) (D:4)
  2 iguanas (D:4)
  An orc wizard (D:3)
  16 gnolls
  15 adders
  3 worms
  2 dart slugs
  15 orcs
  7 endoplasms
  A giant cockroach (D:1)
  4 goblins
  11 hobgoblins
  5 quokkas
  3 ball pythons
  5 bats
  2 frilled lizards
  5 kobolds
  4 rats
115 creatures vanquished.

Notes
Turn   | Place    | Note
-------+----------+-------------------------------------------
     0 | D:1      | Leeroy the Vine Stalker Warper began the quest for the Orb.
     0 | D:1      | Reached XP level 1. HP: 11/11 MP: 4/4
   132 | D:1      | Reached skill level 2 in Long Blades
   268 | D:1      | Reached XP level 2. HP: 14/15 MP: 4/6
   371 | D:1      | Found a faded altar of an unknown god.
   758 | D:2      | Reached skill level 3 in Long Blades
   758 | D:2      | Reached XP level 3. HP: 17/18 MP: 7/7
  1008 | D:2      | Gained mutation: Your natural rate of healing is unusually
                  | fast. [Vine Stalker growth]
  1008 | D:2      | Reached XP level 4. HP: 10/23 MP: 3/8
  1570 | D:3      | Found an opulent altar of Gozag.
  1584 | D:3      | Reached skill level 1 in Armour
  1589 | D:3      | Reached XP level 5. HP: 24/26 MP: 6/9
  2039 | D:3      | Found Niofoanu's Antique Weapon Boutique.
  2625 | D:4      | Reached XP level 6. HP: 26/30 MP: 8/10
  2751 | D:4      | Noticed Eustachio
  2800 | D:4      | Killed Eustachio
  2801 | D:4      | Reached skill level 4 in Long Blades
  2894 | D:4      | Found a radiant altar of Vehumet.
  2895 | D:4      | Found a basalt altar of Yredelemnul.
  2932 | D:4      | Reached XP level 7. HP: 34/34 MP: 11/11
  2988 | D:4      | Noticed Natasha
  2989 | D:4      | Found a sacrificial altar of Ru.
  2997 | D:4      | Killed Natasha
  2998 | D:4      | Reached skill level 5 in Long Blades
  3034 | D:5      | Entered Level 5 of the Dungeon
  3034 | D:5      | Found a hide-covered altar of Uskayaw.
  3058 | D:5      | Found a shadowy altar of Dithmenos.
  3150 | D:5      | Became a worshipper of Uskayaw the Reveller
  3161 | D:5      | Reached * piety under Uskayaw
  3171 | D:4      | Reached ** piety under Uskayaw
  3178 | D:4      | Reached *** piety under Uskayaw
  3204 | D:4      | Noticed Natasha
  3211 | D:4      | Killed Natasha
  3222 | D:4      | Reached skill level 6 in Long Blades
  3318 | D:4      | Noticed Natasha
  3402 | D:4      | Learned a level 2 spell: Blink
  4060 | D:3      | Bought a glowing scimitar for 189 gold pieces
  4113 | D:4      | Killed Natasha
  4224 | D:5      | Found a hazy altar of Hepliaklqana.
  4382 | D:5      | Found an ornate altar of the Wu Jian Council.
  4511 | D:5      | Reached **** piety under Uskayaw
  4614 | D:5      | Found a blossoming altar of Fedhas.
  4857 | D:6      | Gained mutation: You have razor-sharp teeth. [Vine Stalker
                  | growth]
  4857 | D:6      | Reached XP level 8. HP: 34/34 MP: 12/12
  4880 | D:6      | Reached skill level 7 in Long Blades
  4880 | D:6      | Reached ***** piety under Uskayaw
  4963 | D:6      | Found a broken altar of Ashenzari.
  5114 | D:6      | Slain by a wight

Illustrated notes

Levels and vault maps discovered:
D:1:      dpeg_arrival_arbitrary_a, layout_basic,
          dilly_ecumenical_altar_fadedgnrine
D:2:      layout_rooms
D:3:      layout_basic, nicolae_overflow_hidden_temple, serial_co_window_serial,
          co_window_corner_a, co_window_paths_b, co_window_corner_a,
          co_window_of_opportunity_a, co_window_paths_a, co_window_paths_a,
          co_window_cross_1, co_window_paths_a, co_window_corner_a,
          co_window_unsneaky_path_c, co_window_2corner,
          co_window_unsneaky_path_a, co_window_4corner_a, glass_columns_a,
          glass_columns_a, glass_columns_b, glass_columns_b, glass_columns_a,
          serial_shops, nicolae_shop_waterfront, kennysheep_decorative_pillar
D:4:      layout_basic, mainiacjoe_overflow_tiny_flanked,
          mainiacjoe_overflow_divided_tiny, nicolae_underground_beach,
          uniq_natasha, uniq_eustachio
D:5:      layout_gridville, lemuel_crystal_altar, mainiacjoe_overflow_alcove_2,
          lemuel_round_altar, mainiacjoe_overflow_catch_the_wave
D:6:      layout_loops_ring, mainiacjoe_overflow_24_doors,
          minmay_temple_entry_water_ring, serial_co_window_serial,
          co_window_corner_a, co_window_corner_a, co_window_corner_a,
          co_window_paths_b, co_window_paths_a, co_window_corner_a,
          co_window_cross_2, co_window_2corner, co_window_unsneaky_path_e,
          co_window_corner_ca, co_window_corner_b, glass_columns_b,
          glass_columns_c, glass_columns_a

Skill      XL: |  1  2  3  4  5  6  7  8 |
---------------+-------------------------+-----
Long Blades    | 2 3 4 6 7 |  7.6
Dodging        | 2 3 |  3.0
Armour         | 1 3 |  3.0
Fighting       | |  1.7
Throwing       | |  0.8
Spellcasting   | |  2.1
Translocations | |  3.0

Action                     |  1- 3 |  4- 6 |  7- 9 || total
---------------------------+-------+-------+-------++-------
  Melee: Falchion          |    87 |   189 |   217 ||   493
         Bite              |    14 |    55 |    67 ||   136
         Punch             |       |     3 |     1 ||     4
         Unarmed           |       |       |     2 ||     2
    Use: Potion            |       |     1 |       ||     1
         Scroll            |       |       |     2 ||     2
   Stab: Sleeping          |     1 |       |       ||     1
         Paralysed         |       |       |     5 ||     5
 Armour: Leather armour    |    17 |     4 |       ||    21
         Ring mail         |    21 |       |       ||    21
         Plate armour      |       |   196 |   145 ||   341
  Dodge: Dodged            |    75 |    76 |    37 ||   188

Table legend: (Time is in decaauts)
 A = Elapsed time spent in this place.
 B = Non-inter-level travel time spent in this place.
 C = Inter-level travel time spent in this place.
 D = Time resting spent in this place.
 E = Time spent auto-exploring this place.
 F = Levels seen in this place.
 G = Mean time per level.
                   A        B        C        D        E       F      G
               +--------+--------+--------+--------+--------+-----+--------+
         Total |   5146 |   4860 |    286 |    234 |   3469 |   6 |  857.7 |
       Dungeon |   5146 |   4860 |    286 |    234 |   3469 |   6 |  857.7 |
               +--------+--------+--------+--------+--------+-----+--------+

Top non-repeatable levels by time:
     D:4: 1481 daAuts
     D:3: 1295 daAuts
     D:5: 763 daAuts
     D:1: 690 daAuts
     D:2: 588 daAuts
     D:6: 327 daAuts
